 Dungeon Crawl Stone Soup version 0.29.0-4-gdea44cf6ec (webtiles) character file.

Game seed: 15052223966689605896

1549 qw the Cleaver (level 8, -2/48 HPs)
             Began as a Tengu Warper on Aug 28, 2022.
             Was a Follower of Okawaru.
             Killed by divine providence
             ... invoked by an orc priest
              (12 damage)
             ... on level 6 of the Dungeon.
             The game lasted 00:00:44 (6486 turns).

qw the Cleaver (Tengu Warper)                       Turns: 6486, Time: 00:00:44

Health: -2/48      AC: 15    Str: 19    XL:     8   Next: 87%
Magic:  10/12      EV: 13    Int: 14    God:    Okawaru [*.....]
Gold:   53         SH:  0    Dex: 14    Spells: 11/11 levels left

rFire   . . .      SeeInvis .   o - +0 hand axe (vamp)
rCold   . . .      Faith    .   (no shield)
rNeg    . . .      Spirit   .   m - +0 chain mail
rPois   .          Reflect  .   (helmet restricted)
rElec   .          Harm     .   (no cloak)
rCorr   .          Rampage  .   (no gloves)
Will    .....                   (boots unavailable)
Stlth   ..........              (no amulet)
HPRegen 0.16/turn               d - +4 ring of protection
MPRegen 0.13/turn               n - +6 ring of strength

@: about to teleport, heroic, flying quickly and evasively, quick
A: beak, talons 3, nimble flight
a: Renounce Religion, Heroism


You were on level 6 of the Dungeon.
You worshipped Okawaru.
Okawaru was aware of your devotion.
You visited 1 branch of the dungeon, and saw 6 of its levels.

You collected 267 gold pieces.
You spent 214 gold pieces at shops.


Innate Abilities, Weirdness & Mutations

You have a beak for a mouth.
You have claws for feet.
Your magical nature lets you fly swiftly and evasively.


   Skills:
 - Level 4.1(9.1) Fighting
 + Level 9.5(14.5) Axes
 - Level 1.0(6.0) Throwing
 - Level 3.3(8.3) Armour
 - Level 3.0(8.0) Dodging
 - Level 2.0 Spellcasting
 - Level 2.4 Translocations
 + Level 3.6 Invocations


You had 11 spell levels left.
You didn't know any spells.
Your spell library contained the following spells:

 Spells                   Type           Power      Damage    Failure   Level
 Blink                    Tloc           16%        N/A       75%         2
 Gell's Gravitas          Tloc           8%         N/A       93%         3
 Lesser Beckoning         Tloc           8%         N/A       93%         3
 Teleport Other           Tloc           8%         N/A       93%         3
 Manifold Assault         Tloc           8%         N/A       100%        5

Inventory:

Hand Weapons
 o - a +0 vampiric hand axe (weapon)
 r - a +0 flail
Armour
 m - a +0 chain mail (worn)
Jewellery
 d - a +4 ring of protection (left hand)
 n - a +6 ring of strength (right hand)
Scrolls
 f - a scroll of enchant armour
 k - 3 scrolls of teleportation
 q - a scroll of identify
Potions
 a - 3 potions of curing
 b - a potion of haste {unknown}
 c - 3 potions of heal wounds
 g - a potion of mutation {unknown}
 h - a potion of berserk rage {unknown}
 i - a potion of lignification {unknown}
 l - a potion of magic {unknown}
 p - a potion of might {unknown}

Dungeon Overview and Level Annotations

Branches:
Dungeon (6/15)             Temple (0/1) D:5

Altars:
Cheibriados
Nemelex Xobeh
Okawaru
Qazlal
Trog
Uskayaw
Yredelemnul

Shops:
D:5 ?

Annotations:
D:3 1 runed translucent door
D:4 2 transporters, qw's ghost, amateur TeWr


Message History

You kill the orc!
Okawaru accepts your kill.
k - 4 scrolls of teleportation (gained 1)
You now have 53 gold pieces (gained 9).
You see here a +0 dagger.
Partly explored, can't reach some places.
Partly explored, can't reach some places.
(D) Dungeon (T) Temple
Where to? (* - list waypoints, Enter - D:6, ? - help)
What level of the Dungeon? (default 1, ? - help)
There is a stone staircase leading down here.
Things that are here:
a +0 robe; a +0 scimitar You fly downwards.
There is a stone staircase leading up here.
There are monsters nearby!
6482 ||| INVOKING Heroism.
You gain the combat prowess of a mighty hero.
The orc priest calls down the wrath of Beogh upon you.
Beogh smites you!
An orc priest comes into view. It is wielding a +0 mace.
The orc priest calls down the wrath of Beogh upon you.
Beogh smites you!
The orc priest miscasts a cantrip.
A wight comes into view. It is wielding a +3 mace of freezing.
A wight comes into view. It is wielding a +0 spear.
You hit the orc priest.
You feel better.
Your kick misses the orc priest. You peck the orc priest.
The orc priest is heavily wounded.
The orc priest barely misses you.
The orc priest mumbles some strange prayers to Beogh against you.
Beogh smites you!
A wight comes into view. It is wielding a +0 flail.
6486 ||| READING 4 scrolls of teleportation.
As you read the scroll of teleportation, it crumbles to dust.
You feel strangely unstable.
The orc priest casts a cantrip, but nothing happens.
The orc priest calls down the wrath of Beogh upon you.
Beogh smites you!
You die...

.........#............
......................
..........#........##
.........###..<.....# .
##.......# ##...##.###z.
.........# #.......o....
........## ##...........
.#.....#####.....o..z...
#........##....@..o.z..
...........#............
..............<.........
.....##...............(.
..... #......#..[.......
............###.####....
.###........# #..# #..#
##........ ...# ###
........../...#


You could see 3 wights and 3 orc priests.

Vanquished Creatures
  Menkaure (D:4)
  Duvessa (D:4)
  A water moccasin (D:6)
  3 ice beasts (D:5)
  A phantom (D:5)
  Blork the orc (D:5)
  2 scorpions
  A necrophage (D:3)
  A wight (D:6)
  Dowan (D:4)
  A howler monkey (D:3)
  3 jellies
  2 hounds (D:5)
  Jessica (D:3)
  2 iguanas (D:4)
  Natasha (D:3)
  5 gnolls
  8 adders
  A shadow imp (D:5)
  A white imp (D:5)
  5 ufetubi
  A worm (D:2)
  5 dart slugs
  10 orcs
  7 endoplasms
  7 giant cockroaches
  4 goblins
  5 hobgoblins
  2 jackals (D:1)
  2 quokkas (D:4)
  6 ball pythons
  8 bats
  3 frilled lizards
  A jackal zombie (D:3)
  7 kobolds
  8 rats
119 creatures vanquished.

Vanquished Creatures (others)
  An endoplasm (D:4)
1 creature vanquished.

Grand Total: 120 creatures vanquished

Notes
Turn   | Place    | Note
-------+----------+-------------------------------------------
     0 | D:1      | qw the Tengu Warper began the quest for the Orb.
     0 | D:1      | Reached XP level 1. HP: 12/12 MP: 4/4
     0 | D:1      | 0 ||| qw: Version: 0.1-a-89-g26bdef1
     0 | D:1      | 0 ||| qw: Game counter: 1100
     0 | D:1      | 0 ||| qw: Always use a shield: true
     0 | D:1      | 0 ||| qw: God list: Okawaru
     0 | D:1      | 0 ||| qw: Allow faded altars: false
     0 | D:1      | 0 ||| qw: Do Orc after D:15 true
     0 | D:1      | 0 ||| qw: Do second Lair branch before Depths: true
     0 | D:1      | 0 ||| qw: Lair rune preference: random
     0 | D:1      | 0 ||| qw: Plans: Normal
     0 | D:1      | 0 ||| PLANNING D:1-11
    44 | D:1      | Found a faded altar of an unknown god.
   123 | D:1      | HP: 3/12 [dart slug/slug dart (5)]
   127 | D:1      | Reached skill level 3 in Axes
   127 | D:1      | Reached XP level 2. HP: 3/17 MP: 6/6
   437 | D:1      | 437 ||| Stepping ~*~*~tactically~*~*~ (hiding).
   655 | D:1      | HP: 3/17 [gnoll/+0 whip (6)]
   657 | D:1      | Reached skill level 4 in Axes
   657 | D:1      | Reached XP level 3. HP: 4/21 MP: 7/7
   894 | D:1      | 894 ||| DROPPING +0 club.
   955 | D:1      | 955 ||| UPGRADING to +0 ring mail.
   965 | D:1      | 965 ||| DROPPING +0 leather armour.
   966 | D:1      | 966 ||| READING scroll labelled POVOSMIJ ERIZI.
   970 | D:1      | 970 ||| DROPPING scroll of blinking.
   996 | D:2      | 996 ||| STAIRDANCE
  1023 | D:2      | 1023 ||| STAIRDANCE
  1365 | D:2      | 1365 ||| DROPPING +0 whip.
  1430 | D:2      | Found a basalt altar of Yredelemnul.
  1824 | D:2      | 1824 ||| DROPPING ring of flight.
  1825 | D:2      | 1825 ||| READING scroll labelled SEVAUXA TULUL.
  1826 | D:2      | 1826 ||| DRINKING 2 fuming grey potions.
  1895 | D:3      | 1895 ||| Stepping ~*~*~tactically~*~*~ (stealth).
  2060 | D:3      | Noticed a water elemental
  2063 | D:3      | Found a stormy altar of Qazlal.
  2071 | D:3      | Noticed an earth elemental
  2075 | D:3      | Noticed a fire elemental
  2114 | D:3      | Reached XP level 4. HP: 26/26 MP: 8/8
  2240 | D:3      | Found a runed translucent door.
  2240 | D:3      | Noticed a human
  2242 | D:3      | 2242 ||| READING scroll labelled UWNITE LACAKK.
  2244 | D:3      | 2244 ||| UPGRADING to +4 ring of protection.
  2245 | D:3      | 2245 ||| READING scroll labelled LOREN BAESK.
  2246 | D:3      | 2246 ||| READING scroll labelled ROIVEO IXYJIMI.
  2247 | D:3      | 2247 ||| READING scroll labelled REMUZU UHIZOUX.
  2248 | D:3      | 2248 ||| DRINKING 2 silvery potions.
  2249 | D:3      | 2249 ||| DROPPING potion of flight.
  2250 | D:3      | 2250 ||| READING scroll of teleportation.
  2371 | D:3      | Noticed Jessica
  2374 | D:3      | Killed Jessica
  2375 | D:3      | Reached skill level 5 in Axes
  2510 | D:3      | Noticed an air elemental
  2622 | D:3      | Found a basalt altar of Yredelemnul.
  2673 | D:3      | 2673 ||| Stepping ~*~*~tactically~*~*~ (stealth).
  2674 | D:3      | 2674 ||| Stepping ~*~*~tactically~*~*~ (stealth).
  2711 | D:3      | Gained mutation: Your magical nature lets you fly swiftly
                  | and evasively. [Tengu growth]
  2711 | D:3      | Reached XP level 5. HP: 30/30 MP: 9/9
  2848 | D:3      | 2848 ||| UPGRADING to +6 ring of strength.
  2849 | D:3      | 2849 ||| READING scroll labelled NOGORH OLIT.
  2850 | D:3      | 2850 ||| READING 2 scrolls of identify.
  2850 | D:3      | 2850 ||| IDENTIFYING emerald potion
  2879 | D:4      | 2879 ||| STAIRDANCE
  2886 | D:3      | Reached skill level 6 in Axes
  2890 | D:4      | 2890 ||| STAIRDANCE
  2904 | D:4      | Noticed Natasha
  2905 | D:4      | 2905 ||| STAIRDANCE
  2912 | D:3      | Reached XP level 6. HP: 35/35 MP: 10/10
  2915 | D:4      | 2915 ||| STAIRDANCE
  2950 | D:4      | 2950 ||| STAIRDANCE
  2952 | D:4      | 2952 ||| STAIRDANCE
  2994 | D:4      | 2994 ||| STAIRDANCE
  3000 | D:4      | 3000 ||| STAIRDANCE
  3008 | D:3      | Killed Natasha
  3009 | D:3      | Reached skill level 7 in Axes
  3110 | D:4      | Noticed Duvessa
  3111 | D:4      | 3111 ||| STAIRDANCE
  3117 | D:4      | 3117 ||| STAIRDANCE
  3128 | D:4      | 3128 ||| STAIRDANCE
  3204 | D:4      | 3204 ||| STAIRDANCE
  3220 | D:4      | 3220 ||| STAIRDANCE
  3261 | D:4      | 3261 ||| STAIRDANCE
  3302 | D:4      | 3302 ||| STAIRDANCE
  3367 | D:4      | 3367 ||| STAIRDANCE
  3371 | D:4      | 3371 ||| STAIRDANCE
  3432 | D:4      | 3432 ||| STAIRDANCE
  3464 | D:4      | 3464 ||| STAIRDANCE
  3468 | D:3      | Reached skill level 3 in Fighting
  3506 | D:4      | 3506 ||| STAIRDANCE
  3580 | D:4      | Noticed Dowan
  3582 | D:4      | Killed Duvessa
  3585 | D:4      | Reached XP level 7. HP: 17/41 MP: 11/11
  3600 | D:4      | Killed Dowan
  3683 | D:4      | 3683 ||| FLEEEEING.
  3689 | D:4      | 3689 ||| Stepping ~*~*~tactically~*~*~ (stealth).
  3690 | D:4      | 3690 ||| FLEEEEING.
  3815 | D:4      | 3815 ||| Stepping ~*~*~tactically~*~*~ (stealth).
  3862 | D:4      | Reached skill level 8 in Axes
  3951 | D:4      | 3951 ||| DROPPING +1 whip of electrocution.
  4068 | D:4      | Found a transporter.
  4074 | D:4      | Found a bloodstained altar of Trog.
  4098 | D:4      | Found a transporter.
  4124 | D:4      | Reached skill level 3 in Dodging
  4330 | D:4      | Found a snail-covered altar of Cheibriados.
  4339 | D:4      | Found an iron altar of Okawaru.
  4342 | D:4      | Became a worshipper of Warmaster Okawaru
  4451 | D:4      | 4451 ||| UPGRADING to +0 scale mail.
  4461 | D:4      | 4461 ||| DROPPING +0 ring mail.
  4462 | D:4      | 4462 ||| READING 3 scrolls of identify.
  4462 | D:4      | 4462 ||| IDENTIFYING sapphire potion
  4463 | D:4      | 4463 ||| READING 2 scrolls of identify.
  4463 | D:4      | 4463 ||| IDENTIFYING sedimented sapphire potion
  4464 | D:4      | 4464 ||| DROPPING potion of degeneration.
  4465 | D:4      | 4465 ||| DROPPING potion of ambrosia.
  4487 | D:5      | Entered Level 5 of the Dungeon
  4487 | D:5      | Noticed Menkaure
  4490 | D:5      | 4490 ||| STAIRDANCE
  4500 | D:4      | HP: 5/41 [Menkaure (8)]
  4501 | D:4      | 4501 ||| READING scroll of teleportation.
  4502 | D:4      | 4502 ||| DRINKING 2 potions of heal wounds.
  4504 | D:4      | Killed Menkaure
  4614 | D:4      | Noticed qw's ghost (amateur TeWr)
  4615 | D:4      | Noticed a small abomination
  4792 | D:5      | 4792 ||| Stepping ~*~*~tactically~*~*~ (stealth).
  4793 | D:5      | 4793 ||| Stepping ~*~*~tactically~*~*~ (stealth).
  4794 | D:5      | 4794 ||| Stepping ~*~*~tactically~*~*~ (stealth).
  4841 | D:5      | Noticed a +0 spear
  4841 | D:5      | Noticed a +0 dagger
  4841 | D:5      | Noticed a +0 dagger
  4841 | D:5      | Noticed a +0 falchion
  4842 | D:5      | Noticed a +0 short sword
  4842 | D:5      | Noticed a +0 spear
  4842 | D:5      | Noticed a +0 short sword
  4842 | D:5      | Noticed a +0 falchion
  4844 | D:5      | Found a sparkling altar of Nemelex Xobeh.
  4880 | D:5      | Found a staircase to the Ecumenical Temple.
  4889 | D:5      | Reached skill level 9 in Axes
  4916 | D:5      | Reached * piety under Okawaru
  4917 | D:5      | Reached XP level 8. HP: 39/48 MP: 12/12
  5084 | D:5      | Found a hide-covered altar of Uskayaw.
  5108 | D:5      | Found Jeah's Magic Scroll Boutique.
  5116 | D:5      | 5116 ||| BUYING scroll of enchant armour (97 gold).
  5116 | D:5      | Bought a scroll of enchant armour for 97 gold pieces
  5116 | D:5      | 5116 ||| BUYING scroll of teleportation (39 gold).
  5116 | D:5      | Bought a scroll of teleportation for 39 gold pieces
  5116 | D:5      | 5116 ||| BUYING scroll of teleportation (39 gold).
  5116 | D:5      | Bought a scroll of teleportation for 39 gold pieces
  5116 | D:5      | 5116 ||| BUYING scroll of teleportation (39 gold).
  5116 | D:5      | Bought a scroll of teleportation for 39 gold pieces
  5123 | D:5      | 5123 ||| Stepping ~*~*~tactically~*~*~ (hiding).
  5126 | D:5      | 5126 ||| Stepping ~*~*~tactically~*~*~ (hiding).
  5130 | D:5      | 5130 ||| INVOKING Heroism.
  5156 | D:5      | Reached skill level 1 in Invocations
  5166 | D:5      | 5166 ||| INVOKING Heroism.
  5237 | D:5      | 5237 ||| Stepping ~*~*~tactically~*~*~ (stealth).
  5238 | D:5      | 5238 ||| Stepping ~*~*~tactically~*~*~ (stealth).
  5239 | D:5      | 5239 ||| Stepping ~*~*~tactically~*~*~ (stealth).
  5241 | D:5      | 5241 ||| Stepping ~*~*~tactically~*~*~ (stealth).
  5420 | D:5      | Noticed Blork the orc
  5421 | D:5      | 5421 ||| Stepping ~*~*~tactically~*~*~ (stealth).
  5422 | D:5      | 5422 ||| INVOKING Heroism.
  5429 | D:5      | Killed Blork the orc
  5694 | D:5      | 5694 ||| INVOKING Heroism.
  5982 | D:5      | 5982 ||| UPGRADING to +0 chain mail.
  5992 | D:5      | 5992 ||| DROPPING +0 scale mail.
  5993 | D:5      | 5993 ||| READING scroll labelled CAS CAKHEPEAT.
  6087 | D:6      | Reached skill level 3 in Invocations
  6099 | D:6      | Reached skill level 3 in Armour
  6109 | D:6      | HP: 12/48 [poisoned by a water moccasin]
  6356 | D:6      | 6356 ||| FLEEEEING.
  6357 | D:6      | 6357 ||| FLEEEEING.
  6358 | D:6      | 6358 ||| STAIRDANCE
  6415 | D:6      | 6415 ||| INVOKING Heroism.
  6437 | D:6      | 6437 ||| STAIRDANCE
  6465 | D:6      | 6465 ||| STAIRDANCE
  6473 | D:6      | 6473 ||| STAIRDANCE
  6482 | D:6      | 6482 ||| INVOKING Heroism.
  6485 | D:6      | HP: 9/48 [orc priest/divine providence (14)]
  6486 | D:6      | 6486 ||| READING 4 scrolls of teleportation.
  6486 | D:6      | Killed from afar by an orc priest

Levels and vault maps discovered:
D:1:      lightli_iron_boxes, layout_rooms, hellmonk_ecumenical_altar_blasted,
          minmay_worlds_worst_comb
D:2:      layout_basic, basic_altar
D:3:      layout_loops_ring, dk_yredelemnul_ordeal,
          nicolae_qazlal_style_of_elements, minivault_27, minmay_diced_spiral,
          uniq_jessica
D:4:      layout_cave_pools, mainiacjoe_overflow_swirl, lemuel_crystal_altar,
          gammafunk_ghost_abyssal_escape, minmay_fractal_squares_5,
          uniq_duvessa, uniq_natasha
D:5:      layout_loops_ring, nemelex_xobeh_ov_fountains_minmay,
          nicolae_uskayaw_en_pointe, minmay_temple_entry_junction, serial_shops,
          nicolae_lakefront_shop, chequers_hall_statues_wall_a, minmay_bent,
          uniq_crazy_yiuf_cottage, uniq_menkaure, uniq_blork_the_orc
D:6:      layout_cave_pools, nicolae_overflow_hidden_temple,
          makhleb_altar_promises_db, st_stairs_2

Skill      XL: |  1  2  3  4  5  6  7  8 |
---------------+-------------------------+-----
Axes           | 3 4 5 6 7 9 |  9.5
Fighting       | 3 4 |  4.1
Dodging        | 3 |  3.0
Invocations    | 3 |  3.6
Armour         | 3 |  3.3
Throwing       | |  1.0
Spellcasting   | |  2.0
Translocations | |  2.4

Action                   |  1- 3 |  4- 6 |  7- 9 || total
-------------------------+-------+-------+-------++-------
Melee: Hand axe          |    76 |   113 |   190 ||   379
       Kick              |    22 |    30 |    58 ||   110
       Peck              |    11 |    22 |    31 ||    64
       Punch             |     1 |       |     2 ||     3
Throw: Boomerang         |    14 |    11 |    14 ||    39
Invok: Heroism           |       |       |     6 ||     6
  Use: Scroll            |     2 |     7 |     5 ||    14
       Potion            |     1 |     1 |     1 ||     3
Armor: Leather armour    |    13 |       |       ||    13
       Ring mail         |    14 |    62 |    12 ||    88
       Scale mail        |       |       |    31 ||    31
       Chain mail        |       |       |    16 ||    16
Dodge: Dodged            |    42 |   119 |   100 ||   261

Table legend:
 A = Non-vault XP
 B = Vault XP
 C = Vault XP percentage of total XP
 D = Non-vault monster count
 E = Vault monster count
 F = Vault count percentage of total count
                 A         B        C        D         E       F
            +---------+---------+-------+---------+---------+-------
      Total |    1310 |     904 |  40.8 |      88 |      32 |  26.7
            +---------+---------+-------+---------+---------+-------
        D:1 |      41 |      10 |  19.6 |      15 |       5 |  25.0
        D:2 |      20 |       0 |   0.0 |      12 |       0 |   0.0
        D:3 |     294 |     124 |  29.7 |      26 |      13 |  33.3
        D:4 |     186 |     368 |  66.4 |      14 |       6 |  30.0
        D:5 |     416 |     402 |  49.1 |      15 |       8 |  34.8
        D:6 |     353 |       0 |   0.0 |       6 |       0 |   0.0
            +---------+---------+-------+---------+---------+-------
